AoeStats
← DavidxGabriel

Arena

510680955Analyzed
4v4 RM · 21h ago on Oct 2, 2026· 42m 58s· 8 players
Game mode
Random Map
Map size
Large (8 player)
Population
200
Speed
Normal
Resources
Standard
Victory
Conquest
Starting age
Dark Age
Ending age
Imperial Age
RankedLock teamsTeams togetherTeam positionsShared explorationLock speedFull tech treeHidden civsTurbo modeCheats
Victory
Defeat
🇨🇴 Bohemians · Colombia
802
+20
🇨🇴 Spanish · Colombia
778
+23
🇨🇴 Vietnamese · Colombia
744
+16
🇨🇴 Varangians · Colombia
723
+17
🇵🇪 Khmer · Peru
803
-17
🇲🇽 Persians · Mexico
753
-16
🇵🇪 Vikings · Peru
740
-15
🇲🇽 Khmer · Mexico
713
-14
Level LPJ
10:45 Feudal Age
10:04 Loom
14:44 Castle Age
13:48 Double-Bit Axe
13:45 Horse Collar
20:33 Fervor
22:11 Town Watch
23:03 Wheelbarrow
24:17 Stone Mining
24:19 Gold Mining
24:48 Hand Cart
AL1EJANNDRO
10:46 Feudal Age
18:49 Castle Age
16:39 Horse Collar
God Ganesh
0:46 Loom
13:50 Feudal Age
14:52 Double-Bit Axe
16:03 Horse Collar
18:14 Gold Mining
20:32 Castle Age
21:59 Heavy Plow
23:37 Bow Saw
30:07 Imperial Age
28:31 Heated Shot
29:44 Wheelbarrow
32:00 Hand Cart
32:00 Double Crossbow
33:09 Onager
DavidxGabriel
0:41 Loom
16:43 Feudal Age
22:20 Castle Age
20:53 Double-Bit Axe
21:20 Fletching
21:21 Town Watch
23:03 Stone Mining
23:26 Bow Saw
23:19 Gold Mining
25:12 Town Patrol
25:43 Bodkin Arrow
26:11 Ballistics
26:18 Treadmill Crane
28:39 Squires
28:41 Scale Mail Armor
29:51 Chieftains
31:34 Fortified Wall
31:22 Pikeman
35:41 Murder Holes
41:15 Imperial Age
40:15 Gold Shaft Mining
39:52 Forging
40:38 Chain Mail Armor
42:07 Siege Engineers
43:03 Chemistry
42:04 Bracer
ivantor17
12:28 Feudal Age
14:16 Double-Bit Axe
15:07 Horse Collar
16:39 Loom
20:10 Castle Age
22:54 Wheelbarrow
23:30 Heavy Plow
23:44 Bow Saw
25:04 Fletching
25:16 Padded Archer Armor
26:37 Thumb Ring
36:19 Imperial Age
35:15 Hand Cart
34:48 Town Watch
36:44 Crossbowman
38:00 Paper Money
39:48 Elite Rattan Archer
42:55 Crop Rotation
Joslep
8:20 Loom
13:00 Feudal Age
13:48 Man-at-Arms
15:15 Horse Collar
16:22 Arson
23:58 Castle Age
23:36 Wheelbarrow
23:22 Forging
23:12 Scale Mail Armor
23:30 Fletching
25:33 Husbandry
30:05 Ballistics
37:49 Imperial Age
36:28 Bodkin Arrow
37:09 Iron Casting
36:41 Scale Barding Armor
39:33 Conscription
38:48 Cavalier
43:06 Chemistry
Cronos6254695
13:10 Feudal Age
12:11 Loom
20:45 Castle Age
22:50 Double-Bit Axe
28:33 Wheelbarrow
33:30 Imperial Age
31:22 Hand Cart
36:22 Bow Saw
36:40 Capped Ram
39:39 Chemistry
40:06 Horse Collar
40:07 Houfnice
41:55 Siege Engineers
42:11 Wagenburg Tactics
Salado
12:59 Feudal Age
13:58 Double-Bit Axe
13:55 Horse Collar
16:20 Loom
18:54 Castle Age
23:26 Scale Barding Armor
23:31 Forging
24:18 Heavy Plow
28:04 Wheelbarrow
27:32 Town Watch
27:29 Vendel Legacy
31:49 Iron Casting
31:35 Chain Barding Armor
38:24 Imperial Age
37:19 Husbandry
37:30 Bloodlines
41:21 Elite Jarl
Connection lost

Rejoining the realm…

Still unreachable

The connection could not be restored.

Session expired

The server has moved on; the page needs a fresh start.